 Dungeon Crawl Stone Soup version 0.22.0-27-ga576289 (webtiles) character file.

301 Faca the Skirmisher (level 6, -4/41 HPs)
             Began as a Gargoyle Fighter on Aug 23, 2018.
             Was a Follower of the Shining One.
             Slain by an orc
             ... wielding a +1 short sword of distortion
              (24 damage)
             ... on level 4 of the Dungeon.
             The game lasted 00:05:24 (1943 turns).

Faca the Skirmisher (Gargoyle Fighter)              Turns: 1943, Time: 00:05:26

Health: -4/41      AC: 15    Str: 21    XL:     6   Next: 37%
Magic:  6/6        EV:  5    Int:  8    God:    the Shining One [*.....]
Gold:   84         SH:  9    Dex: 10    Spells: 5/5 levels left

rFire    . . .     SeeInvis .   a - +0 flail
rCold    . . .     Gourm    .   c - +0 shield
rNeg     + + .     Faith    .   k - +0 chain mail
rPois    ∞         Spirit   .   n - +0 helmet
rElec    +         Reflect  .   (no cloak)
rCorr    .         Harm     .   m - +0 pair of gloves
MR       .....                  (no boots)
Stlth    ..........             (no amulet)
HPRegen  0.13/turn              p - ring of positive energy
MPRegen  0.10/turn              (no ring)

@: glowing
A: negative energy resistance 1, electricity resistance, unbreathing,
petrification resistance, rot immunity, AC +4
a: Renounce Religion


You were on level 4 of the Dungeon.
You worshipped the Shining One.
The Shining One was aware of your devotion.
You were not hungry.

You visited 1 branch of the dungeon, and saw 4 of its levels.

You collected 84 gold pieces.

Inventory:

Hand Weapons
 a - a +0 flail (weapon)
Missiles
 i - 2 throwing nets (quivered)
Armour
 c - a +0 shield (worn)
 k - a +0 chain mail (worn)
 m - a +0 pair of gloves (worn)
 n - a +0 helmet (worn)
Jewellery
 p - a ring of positive energy (left hand)
Scrolls
 b - 2 scrolls of fear {unknown}
 e - 2 scrolls of identify {unknown}
 g - 2 scrolls of blinking {unknown}
 h - 3 scrolls of teleportation {unknown}
 l - 4 scrolls of remove curse {unknown}
 q - a scroll of enchant armour {unknown}
Potions
 d - a potion of might
 j - 3 potions of brilliance {unknown}
 o - a potion of haste {unknown}
Comestibles
 f - 4 rations
 r - 2 chunks of flesh


   Skills:
 + Level 5.8 Fighting
 + Level 4.8 Maces & Flails
 - Level 3.2 Armour
 - Level 3.2 Shields


You had 5 spell levels left.
You didn't know any spells.
Your spell library was empty.

Dungeon Overview and Level Annotations

Branches:
Dungeon (4/15)
 Temple: D:4-7

Altars:
Kikubaaqudgha
Qazlal
The Shining One

Annotations:
D:3 1 runed door, Vylera's ghost, amateur BaFi


Innate Abilities, Weirdness & Mutations

You are resistant to torment.
Your stone body is resilient. (AC +4)
You are immune to poison.
You resist negative energy. (rN+)
You are resistant to electric shocks. (rElec)
You can survive without breathing.
You are immune to petrification.
You are immune to rotting.


Message History

You hit the orc but do no damage. The orc hits you with a whip.
The orc hits you but does no damage.
You hit the orc.
The orc is almost dead.
The orc hits you but does no damage. x2; Space bends around you.
You closely miss the orc. The orc barely misses you.
You block the orc's attack.
You hit the orc.
The orc is almost dead.
The bullfrog skeleton hits you. The orc hits you but does no damage.
You block the orc's attack.
The bullfrog skeleton hits you but does no damage.
Some of the chunks of flesh in your inventory have rotted away.
You closely miss the orc.
The orc is almost dead.
You block the orc's attack.
You block the bullfrog skeleton's attack.
The orc hits you but does no damage. Space warps horribly around you!
Ouch! That really hurt!
You die...

#. ...# #. ...
#.##.## ..... #
#####...# .#
###.......###o#
........Zo#...##.#.
#.).@#.#..%...
#..).o....#
#.....#.####.#
#.##..#.# # ......#
....##.# #.### #.#
.. ... ...


You could see 2 orcs and a bullfrog skeleton.

Vanquished Creatures
  A necrophage (D:3)
  Jessica (D:2)
  A worker ant (D:3)
  3 gnolls
  5 adders
  A dart slug (D:1)
  A leopard gecko (D:3)
  An orc (D:3)
  5 giant cockroaches
  14 goblins
  9 hobgoblins
  3 jackals (D:2)
  12 kobolds
  3 ball pythons
  10 bats
  4 frilled lizards
  9 rats
83 creatures vanquished.

Notes
Turn   | Place    | Note
-------+----------+-------------------------------------------
     0 | D:1      | Faca the Gargoyle Fighter began the quest for the Orb.
     0 | D:1      | Reached XP level 1. HP: 14/14 MP: 1/1
   195 | D:1      | Reached XP level 2. HP: 17/19 MP: 2/2
   572 | D:2      | Reached XP level 3. HP: 24/24 MP: 3/3
   576 | D:2      | Reached skill level 4 in Fighting
   736 | D:2      | Reached XP level 4. HP: 15/30 MP: 4/4
   923 | D:2      | Found a glowing golden altar of the Shining One.
   948 | D:2      | Became a worshipper of the Shining One
  1228 | D:2      | Noticed Jessica
  1241 | D:2      | Killed Jessica
  1407 | D:2      | Found a stormy altar of Qazlal.
  1489 | D:3      | Reached XP level 5. HP: 33/34 MP: 5/5
  1533 | D:3      | Found a runed door.
  1536 | D:3      | Noticed Vylera's ghost (amateur BaFi)
  1545 | D:3      | Noticed a necrophage
  1553 | D:3      | Killed a necrophage
  1553 | D:3      | Reached skill level 5 in Fighting
  1632 | D:3      | Reached XP level 6. HP: 38/40 MP: 6/6
  1637 | D:3      | Found an ancient bone altar of Kikubaaqudgha.
  1938 | D:4      | Reached * piety under the Shining One
  1943 | D:4      | Slain by an orc

Skill      XL: |  1  2  3  4  5 |
---------------+----------------+-----
Fighting       | 4 5 |  5.8
Maces & Flails | 3 4 |  4.8
Armour         | |  3.2
Shields        | |  3.2

Action                   |  1- 3 |  4- 6 || total
-------------------------+-------+-------++-------
Melee: Flail             |   145 |   152 ||   297
  Eat: Ration            |       |     1 ||     1
       Chunk             |       |     1 ||     1
Armor: Scale mail        |    30 |       ||    30
       Chain mail        |    97 |   144 ||   241
Dodge: Dodged            |    49 |    43 ||    92
Block: Shield            |    96 |   122 ||   218
